 Dungeon Crawl Stone Soup version 0.23.2-33-g5129a83184 (webtiles) character file.

Game seed: 3434316315456752397

571 Meegle the Magician (level 7, -1/37 HPs)
             Began as a Deep Elf Fire Elementalist on June 30, 2019.
             Succumbed to a water moccasin's poison
             ... on level 5 of the Dungeon.
             The game lasted 00:13:56 (4561 turns).

Meegle the Magician (Deep Elf Fire Elementalist)    Turns: 4561, Time: 00:13:56

Health: -1/37      AC:  2    Str:  3 (5)  XL:     7   Next: 12%
Magic:  5/18       EV: 13    Int: 19 (22) God:
Gold:   196        SH:  0    Dex: 12 (15) Spells: 5/18 levels left

rFire    . . .     SeeInvis .   h - +2 dagger (venom)
rCold    . . .     Gourm    .   (no shield)
rNeg     . . .     Faith    .   a - +0 robe
rPois    .         Spirit   .   (no helmet)
rElec    .         Reflect  .   (no cloak)
rCorr    .         Harm     .   (no gloves)
MR       .....                  (no boots)
Stlth    ++........             (no amulet)
HPRegen  0.12/turn              (no ring)
MPRegen  0.16/turn              (no ring)

@: lethally poisoned (-1 -> -31), hasted, very quick
A: no striking features
a: no special abilities


You were on level 5 of the Dungeon.
You were hungry.

You visited 2 branches of the dungeon, and saw 6 of its levels.

You collected 196 gold pieces.

Inventory:

Hand Weapons
 h - a +2 dagger of venom (weapon)
 u - a +2 dagger of protection
Armour
 a - a +0 robe (worn)
 f - a +0 helmet
 o - a +0 pair of gloves
 q - a +0 helmet
Jewellery
 l - an uncursed ring of resist corrosion {unknown}
 t - a +3 ring of dexterity
Wands
 x - a wand of flame (13)
Scrolls
 b - 4 scrolls of remove curse {unknown}
 d - 2 scrolls of magic mapping {unknown}
 e - 2 scrolls of immolation {unknown}
 g - 6 scrolls of identify
 i - 3 scrolls of teleportation {unknown}
 j - a scroll of noise {unknown}
 m - a scroll of blinking {unknown}
 n - 2 scrolls of fear {unknown}
 v - 4 scrolls of enchant weapon {unknown}
Potions
 k - 3 potions of flight
 p - 2 potions of agility
 s - a potion of haste
Comestibles
 c - 10 rations


   Skills:
 + Level 0.6 Fighting
 + Level 3.3 Dodging
 + Level 3.4 Stealth
 + Level 6.3 Spellcasting
 + Level 4.0 Conjurations
 + Level 5.5 Fire Magic


You had 5 spell levels left.
You knew the following spells:

 Your Spells              Type           Power        Failure   Level  Hunger
a - Flame Tongue          Conj/Fire      ###..        1%          1    None
b - Throw Flame           Conj/Fire      ###...       2%          2    None
c - Conjure Flame         Conj/Fire      ###.....     4%          3    ##.....
d - Inner Flame           Hex/Fire       ###.....     11%         3    ##.....
e - Sticky Flame          Conj/Fire      ###.....     16%         4    ####...

Your spell library contained the following spells:

 Spells                   Type           Power        Failure   Level  Hunger
 Fireball                 Conj/Fire      ###.......   38%         5    #####..


Dungeon Overview and Level Annotations

Branches:
Dungeon (5/15)             Temple (1/1) D:5

Altars:
Ashenzari
Cheibriados
Dithmenos
Fedhas
Hepliaklqana
Kikubaaqudgha
Makhleb
Nemelex Xobeh
Okawaru
Qazlal
Ru
Sif Muna
Trog
Uskayaw
Vehumet
Wu Jian
Xom
Yredelemnul
Zin
The Shining One

Annotations:
D:4 exclusion: statue, Grinder


Message History

You have reached level 7!
* * * LOW HITPOINT WARNING * * *
You feel very sick.
Okay, then.
Unknown command.
It was a potion of haste.
You feel yourself speed up.
* * * LOW HITPOINT WARNING * * *
You feel very sick.
It was a potion of degeneration.
There was something very wrong with that liquid.
You feel weakened.
You feel dopey.
You feel clumsy.
* * * LOW HITPOINT WARNING * * *
You feel sick.
Okay, then.
There is a lethal amount of poison in your body!
* * * LOW HITPOINT WARNING * * *
You feel sick.
* * * LOW HITPOINT WARNING * * *
You feel sick.
You die...

#.# #.# ##.## #.# #.#
... #.# #.# #.# ≈#
#.####.#####.###
....###.##...........#
...........#.#####.#.#
#.####.####.# )..#.###
#.# #.##.####.... #@#
#.## ##### #.# #.# ..#
#.# .### #.# .. .. #.#
#.


There were no monsters in sight!

Vanquished Creatures
  A water moccasin (D:5)
  An ice beast (D:5)
  A water moccasin skeleton (D:5)
  A bullfrog zombie (D:5)
  A gnoll shaman (D:4)
  3 orc wizards
  A worker ant (D:4)
  Robin (D:2)
  4 adders
  2 worms
  4 dart slugs
  5 leopard geckos
  17 orcs
  11 bats
  7 giant cockroaches
  14 goblins
  10 hobgoblins
  5 kobolds
  2 quokkas (D:4)
  4 frilled lizards
  3 rats (D:1)
98 creatures vanquished.

Notes
Turn   | Place    | Note
-------+----------+-------------------------------------------
     0 | D:1      | Meegle the Deep Elf Fire Elementalist began the quest for
                  | the Orb.
     0 | D:1      | Reached XP level 1. HP: 10/10 MP: 6/6
   284 | D:1      | Reached XP level 2. HP: 15/15 MP: 5/8
   622 | D:1      | Reached XP level 3. HP: 19/19 MP: 7/10
   649 | D:1      | Learned a level 2 spell: Throw Flame
   653 | D:1      | Learned a level 3 spell: Conjure Flame
  1071 | D:2      | Noticed Robin
  1235 | D:2      | Killed Robin
  1235 | D:2      | Reached XP level 4. HP: 8/24 MP: 0/11
  1236 | D:2      | Reached skill level 4 in Spellcasting
  1848 | D:2      | Found a deep blue altar of Sif Muna.
  2288 | D:3      | Learned a level 3 spell: Inner Flame
  2302 | D:3      | Found a hazy altar of Hepliaklqana.
  2452 | D:3      | Found an ornate altar of the Wu Jian Council.
  2515 | D:3      | Reached XP level 5. HP: 21/28 MP: 8/14
  2675 | D:4      | Noticed Grinder
  2737 | D:4      | HP: 1/28 [something/magic dart (4)]
  3039 | D:4      | Learned a level 4 spell: Sticky Flame
  3326 | D:4      | Reached skill level 5 in Spellcasting
  3654 | D:4      | Found a radiant altar of Vehumet.
  3656 | D:4      | Noticed a charred statue
  3871 | D:4      | Reached skill level 5 in Fire Magic
  3871 | D:4      | Reached XP level 6. HP: 29/33 MP: 8/16
  3934 | D:4      | Paralysed by Grinder for 5 turns
  4076 | D:5      | Entered Level 5 of the Dungeon
  4178 | D:5      | Noticed an ice beast
  4231 | D:5      | Killed an ice beast
  4319 | D:5      | Found a staircase to the Ecumenical Temple.
  4329 | D:5      | Reached skill level 6 in Spellcasting
  4371 | Temple   | Entered the Ecumenical Temple
  4541 | D:5      | Noticed a water moccasin
  4556 | D:5      | Killed a water moccasin
  4556 | D:5      | Reached XP level 7. HP: 11/37 MP: 4/18
  4560 | D:5      | HP: 1/37 [poisoned by a water moccasin]
  4561 | D:5      | Succumbed to a water moccasin's poison

Skill      XL: |  1  2  3  4  5  6 |
---------------+-------------------+-----
Fire Magic     | 4 5 |  5.5
Spellcasting   | 4 5 6 |  6.3
Conjurations   | 2 3 4 |  4.0
Stealth        | 3 |  3.4
Dodging        | 3 |  3.3
Fighting       | |  0.6

Action                   |  1- 3 |  4- 6 |  7- 9 || total
-------------------------+-------+-------+-------++-------
Melee: Dagger            |       |     1 |       ||     1
       Unarmed           |       |     1 |       ||     1
 Cast: Flame Tongue      |    71 |   152 |     1 ||   224
       Throw Flame       |       |     2 |       ||     2
       Conjure Flame     |       |     3 |       ||     3
  Use: Scroll            |       |     3 |       ||     3
       Potion            |       |     1 |     2 ||     3
  Eat: Chunk             |     1 |     9 |       ||    10
Armor: Robe              |     8 |     3 |       ||    11
Dodge: Dodged            |    21 |    43 |       ||    64
